Map: Automaton LE

Players

ShoWTimE

  • Race: Protoss Protoss
  • Spawn Location: 9:00

Scarlett

  • Race: Zerg Zerg
  • Spawn Location: 3:00

Event: IEM Season 13: Katowice (2019)

VOD

Have the link to the VOD?

Description

Time

  • Played on: Feb. 25, 2019, 12:29 p.m.
  • Length: 8:41

All games in this series

Show
View Real Time Build Order
Export as new Build Order

ShoWTimE Protoss 

Build Orders: 1 Gate Expand, Oracle Opening, Archon Immortal, Archon Drop 

Get SALT Encoding   

  12  0:00  Probe  
  13  0:12  Probe  
  14  0:18  Pylon  
  14  0:24  Probe  
  15  0:32  Probe  
  15  0:40  Gateway, Probe  
  16  0:47  Assimilator  
  17  0:51  Probe  
  18  1:03  Probe  
  19  1:15  Probe  
  20  1:28  Nexus  
  20  1:37  Cybernetics Core  
  20  1:40  Probe  
  20  1:46  Assimilator  
  21  1:52  Probe  
  22  1:57  Pylon  
  22  2:05  Adept, Probe  
  25  2:17  Probe  
  26  2:24  Stargate  
  26  2:26  Adept  
  26  2:28  Warp Gate  
  26  2:29  Probe  
  27  2:36  Probe  
  29  2:41  Probe  
  31  2:44  Probe  
  32  2:53  Probe  
  32  2:54  Probe  
  32  2:57  Stalker  
  36  3:02  Oracle  
  36  3:05  Probe  
  37  3:06  Probe  
  41  3:17  Probe  
  42  3:20  Probe, Pylon  
  43  3:29  Probe  
  43  3:32  Probe  
  45  3:38  Assimilator  
  45  3:39  Oracle  
  45  3:40  Assimilator  
  48  3:46  Gateway, Probe  
  49  3:48  Probe  
  50  3:58  Robotics Facility  
  50  4:01  Probe  
  50  4:02  Pylon  
  51  4:05  Probe  
  52  4:13  Twilight Council, Probe x2  
  53  4:20  Pylon  
  53  4:21  Probe  
  54  4:25  Probe  
  56  4:32  Probe  
  56  4:36  Gateway  
  56  4:37  Gateway  
  57  4:38  Warp Prism  
  57  4:42  Adept  
  61  4:53  Templar Archives  
  61  4:54  Adept  
  61  4:59  Pylon  
  63  5:08  Pylon  
  63  5:14  Observer  
  63  5:17  Probe x2  
  66  5:25  Nexus  
  66  5:26  Forge  
  66  5:29  Shield Battery  
  66  5:35  Immortal, High Templar x4  
  74  5:37  Probe  
  74  5:38  Probe  
  74  5:39  Archon x2  
  80  5:51  Pylon  
  80  5:55  Charge  
  80  5:58  Probe x2  
  80  6:01  Protoss Ground Weapons Level 1  
  80  6:02  Immortal  
  80  6:04  Observer  
  82  6:17  Pylon  
  86  6:26  Probe x2  
  86  6:28  Gateway  
  86  6:29  Gateway  
  88  6:33  Immortal  
  88  6:41  Gateway  
  92  6:52  Sentry x2  
  92  6:53  Gateway  
  96  6:54  Probe x2  
  96  6:55  Sentry  
  96  6:56  Probe  
  96  6:58  Pylon  
  96  7:00  Sentry  
  103  7:02  Immortal  
  103  7:06  Probe x2  
  105  7:08  Probe  
  105  7:11  Pylon  
  110  7:18  Probe  
  110  7:20  Probe x2  
  113  7:28  Zealot x4, Assimilator  
  113  7:29  Assimilator  
  121  7:31  Probe  
  121  7:33  Immortal  
  122  7:41  Pylon  
  122  7:43  Zealot x2  
  130  7:53  Pylon  
  130  7:55  Pylon  
  130  7:57  Pylon  
  130  7:58  Zealot  
  134  8:05  Zealot  
  134  8:06  Zealot x2  
  134  8:11  Zealot x2  
  140  8:15  Zealot  
  131  8:23  Zealot x2  
  113  8:32  High Templar x5  
  104  8:36  Archon x2  
Show
View Real Time Build Order
Export as new Build Order

Scarlett Zerg 

Build Orders: Hatch First 

Get SALT Encoding   

  12  0:00  Drone  
  13  0:13  Overlord  
  13  0:18  Drone  
  14  0:31  Drone x2  
  16  0:49  Hatchery  
  15  0:52  Drone  
  15  0:56  Drone  
  17  0:59  Drone  
  18  1:11  Extractor  
  17  1:15  Spawning Pool  
  17  1:18  Drone  
  17  1:21  Drone  
  18  1:28  Drone  
  19  1:39  Drone  
  20  1:48  Hatchery  
  20  1:52  Drone  
  20  2:00  Drone  
  20  2:01  Drone  
  22  2:08  Queen  
  24  2:17  Queen  
  26  2:23  Overlord  
  26  2:26  Drone  
  26  2:28  Drone  
  28  2:33  Metabolic Boost  
  28  2:41  Zergling x4  
  28  2:43  Drone  
  28  2:44  Drone  
  32  2:51  Drone  
  33  2:52  Queen  
  35  2:59  Zergling x2  
  35  3:00  Overlord  
  36  3:06  Zergling x4  
  36  3:08  Zergling x2  
  39  3:14  Queen  
  39  3:17  Drone  
  39  3:19  Drone  
  43  3:26  Drone x4  
  47  3:34  Drone  
  47  3:35  Drone x2  
  47  3:37  Overlord  
  50  3:43  Overlord  
  50  3:47  Spore Crawler  
  49  3:50  Spore Crawler  
  49  3:51  Overlord  
  49  3:52  Drone  
  49  3:57  Drone  
  50  4:05  Drone  
  50  4:06  Drone x5  
  50  4:09  Drone x2  
  58  4:13  Queen  
  60  4:17  Overlord  
  60  4:21  Drone x2  
  62  4:28  Drone  
  62  4:29  Drone x4  
  66  4:32  Extractor  
  66  4:34  Lair  
  66  4:35  Drone  
  66  4:44  Drone x4  
  66  4:45  Roach Warren  
  69  4:49  Drone  
  69  4:50  Drone x2  
  69  4:52  Extractor  
  69  4:53  Extractor  
  69  4:55  Drone x3  
  69  4:58  Drone x2  
  73  5:01  Overlord  
  73  5:05  Overlord  
  73  5:06  Drone  
  73  5:16  Overlord  
  73  5:20  Drone  
  73  5:21  Extractor x2, Drone x7  
  80  5:26  Drone x3  
  80  5:27  Drone  
  83  5:32  Roach  
  83  5:33  Evolution Chamber  
  84  5:37  Roach x3  
  84  5:39  Glial Reconstitution  
  84  5:41  Roach x3  
  96  5:47  Drone  
  96  5:49  Overlord x3  
  97  5:55  Spire  
  97  5:57  Overlord x2  
  95  6:09  Roach x7  
  106  6:13  Drone  
  106  6:14  Zerg Missile Weapons Level 1  
  106  6:18  Overseer  
  107  6:20  Roach x4  
  113  6:33  Roach x6  
  113  6:38  Hatchery  
  124  6:56  Overlord x5  
  124  7:00  Zergling x16  
  132  7:02  Hatchery  
  132  7:08  Mutalisk x2  
  136  7:20  Mutalisk x8  
  148  7:27  Drone  
  148  7:29  Mutalisk x2  
  149  7:40  Roach x5  
  159  7:47  Overlord x3  
  159  7:50  Roach  
  159  7:51  Roach x2  
  165  7:55  Roach x3  
  171  8:04  Roach x3  
  162  8:20  Zergling x24  
  159  8:39  Hatchery  

Tags
 
Add a new tag
Caveats
  • Supply blocks, unpowered buildings, or Contaminate may cause inaccurate times.
  • Supply counts are checked every 10 seconds.